 Dungeon Crawl Stone Soup version 0.27.1-33-g824d729ab1 (webtiles) character file.

Game seed: 5229468778550431545

127 McKennaii the Magician (level 4, -1/33 HPs)
             Began as a Demigod Conjurer on Dec 12, 2021.
             Slain by a scorpion (6 damage)
             ... on level 4 of the Dungeon.
             The game lasted 00:02:38 (2955 turns).

McKennaii the Magician (Demigod Conjurer)           Turns: 2955, Time: 00:02:39

Health: -1/33      AC:  3    Str: 14    XL:     4   Next: 56%
Magic:  7/13       EV: 12    Int: 24    God:
Gold:   114        SH:  0    Dex: 12    Spells: 4/11 levels left

rFire    . . .     SeeInvis .   (no weapon)
rCold    . . .     Faith    .   (no shield)
rNeg     . . .     Spirit   .   a - +0 robe
rPois    .         Reflect  .   (no helmet)
rElec    .         Harm     .   (no cloak)
rCorr    .         Rampage  .   k - +0 pair of gloves
Will     .....                  (no boots)
Stlth    ++........             (no amulet)
HPRegen  0.11/turn              g - +6 ring of strength
MPRegen  0.13/turn              (no ring)

@: lethally poisoned (-1 -> -11)
A: high mp 1, forlorn
a: no special abilities


You were on level 4 of the Dungeon.
You visited 1 branch of the dungeon, and saw 4 of its levels.

You collected 114 gold pieces.

Inventory:

Armour
 a - a +0 robe (worn)
 k - a +0 pair of gloves (worn)
Jewellery
 g - a +6 ring of strength (left hand)
Scrolls
 b - a scroll of teleportation {unknown}
 c - a scroll of enchant weapon {unknown}
 e - a scroll of summoning {unknown}
 f - 2 scrolls of identify {unknown}
 i - a scroll of holy word {unknown}
Potions
 d - 2 potions of mutation {unknown}
 h - 2 potions of resistance {unknown}
 j - 2 potions of attraction {unknown}
 l - a potion of curing {unknown}
 m - 3 potions of heal wounds {unknown}
 n - a potion of berserk rage {unknown}
 o - a potion of degeneration {unknown}


   Skills:
 - Level 1.7 Dodging
 - Level 1.7 Stealth
 + Level 4.3 Spellcasting
 - Level 3.6 Conjurations


You had 4 spell levels left.
You knew the following spells:

 Your Spells              Type           Power      Damage    Failure   Level
a - Magic Dart            Conj           88%        1d7       2%          1
b - Searing Ray           Conj           44%        3d4       3%          2
c - Iskenderun's Mystic   Conj/Tloc      13%        2d5       41%         4

Your spell library contained the following spells:

 Spells                   Type           Power      Damage    Failure   Level
 Ensorcelled Hibernation  Hex/Ice        10%        N/A       14%         2
 Dazzling Flash           Conj/Hex       26%        N/A       14%         3
 Spider Form              Tmut/Pois      2%         N/A       28%         3
 Tukima's Dance           Hex            5%         N/A       28%         3
 Fulminant Prism          Conj/Hex       6%         3d7       41%         4
 Passage of Golubria      Tloc           N/A        N/A       67%         4
 Yara's Violent Unravell  Hex/Tmut       2%         3d3       95%         5
 Shadow Creatures         Summ           N/A        N/A       100%        6


Dungeon Overview and Level Annotations

Branches:
Dungeon (4/15)
 Temple: D:4-7

Shops:
D:2 =


Innate Abilities, Weirdness & Mutations

Your attributes grow dramatically as you level up.
You have an increased reservoir of magic. (+10% MP)
You shall have no god before yourself.


Message History

The scorpion is moderately wounded.
You can't see any susceptible monsters within range! (Use Z to cast anyway.)
You can't see any susceptible monsters within range! (Use Z to cast anyway.)
You can't see any susceptible monsters within range! (Use Z to cast anyway.)
A scorpion is nearby!
A scorpion is nearby!
A scorpion is nearby!
The magic dart hits the scorpion.
The scorpion is moderately wounded.
The scorpion stings you!
You are poisoned.
The scorpion poisons you!
The magic dart hits the scorpion.
The scorpion is severely wounded.
You feel very sick. The scorpion stings you.
You are lethally poisoned!
The scorpion poisons you!
The magic dart hits the scorpion.
The scorpion is severely wounded.
You feel very sick. The scorpion barely misses you.
Casting: Magic Dart (safe; 2% risk of failure)
Confirm with . or Enter, or press ? or * to list all spells.
Aiming: Searing Ray (safe; 3% risk of failure)
Press: ? - help, Shift-Dir - straight line, f/p - scorpion
Aim: a scorpion (severely wounded, 78% to hit)
The searing ray misses the scorpion. (Press . to maintain the ray.)
* * * LOW HITPOINT WARNING * * *
You feel very sick. The scorpion closely misses you.
The searing ray hits the scorpion but does no damage.
The scorpion is severely wounded.
* * * LOW HITPOINT WARNING * * *
You feel very sick. The scorpion stings you.
* * * LOW HITPOINT WARNING * * *
The scorpion stings you.
You die...

#.# #.##### #.....# #
#..##.# .# ##...>.# ..#
....#..#### $..#
#####..#..# ....#
...##(.#..########......
...##...........@s......
...###.#..#######.......
.......#..... .......
...######.#######.......
...# ###<#.....)......#
...# #........# #####.#
.### #.......## # .#
#......## ## ###.#.##


You could see a scorpion.

Vanquished Creatures
  2 gnolls (D:1)
  A howler monkey skeleton (D:2)
  2 adders (D:4)
  A shadow imp (D:3)
  3 dart slugs (D:3)
  3 orcs
  3 bats
  9 endoplasms
  2 giant cockroaches (D:3)
  2 hobgoblins
  5 quokkas
  2 ball pythons (D:2)
  4 frilled lizards
  12 goblins
  5 kobolds
  5 rats
61 creatures vanquished.

Notes
Turn   | Place    | Note
-------+----------+-------------------------------------------
     0 | D:1      | McKennaii the Demigod Conjurer began the quest for the Orb.
     0 | D:1      | Reached XP level 1. HP: 14/14 MP: 5/5
    98 | D:1      | Reached skill level 2 in Spellcasting
   178 | D:1      | You fall into a shaft and drop 1 floor!
   365 | D:2      | Reached XP level 2. HP: 20/20 MP: 6/8
   436 | D:2      | Learned a level 2 spell: Searing Ray
   660 | D:2      | Reached skill level 3 in Spellcasting
   920 | D:1      | Reached XP level 3. HP: 26/26 MP: 3/10
  1554 | D:2      | Found Liedimmacet's Jewellery Shoppe.
  2163 | D:3      | Reached XP level 4. HP: 31/33 MP: 6/12
  2357 | D:3      | Reached skill level 4 in Spellcasting
  2717 | D:3      | Learned a level 4 spell: Iskenderun's Mystic Blast
  2955 | D:4      | Slain by a scorpion

Illustrated notes

Levels and vault maps discovered:
D:1:      dpeg_arrival_signposts, layout_basic,
          hellmonk_ecumenical_altar_lost_god
D:2:      layout_basic, serial_shops, nicolae_shop_trees
D:3:      kennysheep_the_goblin_king, layout_rooms,
          mainiacjoe_overflow_concentric_impassable
D:4:      wander_river, layout_basic, minmay_temple_entry_grid,
          ebering_ghost_gozag

Skill      XL: |  1  2  3  4 |
---------------+-------------+-----
Spellcasting   | 2 3 4 |  4.3
Dodging        | |  1.7
Stealth        | |  1.7
Conjurations   | |  3.6

Action                   |  1- 3 |  4- 6 || total
-------------------------+-------+-------++-------
 Cast: Magic Dart        |    87 |    44 ||   131
       Searing Ray       |     2 |     1 ||     3
Armor: Robe              |     2 |     3 ||     5
Dodge: Dodged            |    11 |     6 ||    17
